 Dungeon Sprint DCSS version 0.29-a0-817-g9904bce7a6 (webtiles) character file.

Game seed: 18185298167138507278

43 wilfster70 the Chopper (level 3, -12/55 HPs)
             Began as a Minotaur Fighter on July 6, 2022.
             Was an Initiate of Cheibriados.
             Killed from afar by a hellion (17 damage)
             ... with damnation
             ... in the Dungeon (Sprint V: "Ziggurat Sprint").
             The game lasted 00:02:18 (95 turns).

wilfster70 the Chopper (Minotaur Fighter)             Turns: 95, Time: 00:02:18

Health: -12/55     AC: 20    Str: 33    XL:     3   Next: 37%
Magic:  1/4        EV:  5    Int:  8    God:    Cheibriados [......]
Gold:   0          SH:  4    Dex: 10    Spells: 2/2 levels left

rFire   + . .      SeeInvis .   a - +5 broad axe
rCold   + . .      Faith    .   c - +0 buckler
rNeg    . . .      Spirit   .   k - +5 gold dragon scales
rPois   +          Reflect  .   (helmet restricted)
rElec   .          Harm     .   (no cloak)
rCorr   .          Rampage  .   (no gloves)
Will    .....      NoTele   +   (no boots)
Stlth   ..........              (no amulet)
HPRegen 0.18/turn               v - +6 ring of strength
MPRegen 0.09/turn               s - +6 ring of strength

@: berserking (expiring), very slow
A: horns 2, retaliatory headbutt
a: Renounce Religion


You were in the Dungeon.
You worshipped Cheibriados.
Cheibriados was noncommittal.
You visited 1 branch

Inventory:

Hand Weapons
 a - a +5 broad axe (weapon)
 b - a +5 battleaxe
Armour
 c - a +0 buckler (worn)
 k - +5 gold dragon scales (worn)
Jewellery
 s - a +6 ring of strength (right hand)
 v - a +6 ring of strength (left hand)
Wands
 l - a wand of mindburst (7)
 m - a wand of acid (7)
Scrolls
 j - 4 scrolls of blinking
 r - 5 scrolls of identify
 t - 4 scrolls of amnesia
 u - 7 scrolls of fog
 w - 2 scrolls of fear
Potions
 d - 6 potions of might
 e - 10 potions of curing
 f - 10 potions of heal wounds
 h - 7 potions of magic
 i - 2 potions of berserk rage
 n - 2 potions of brilliance
 o - 2 potions of invisibility
 p - 4 potions of resistance


   Skills:
 + Level 5.9 Fighting
 * Level 7.0 Axes
 + Level 5.9 Armour
 - Level 3.6 Shields
 + Level 3.6 Invocations


You had 2 spell levels left.
You didn't know any spells.
Your spell library was empty.

Dungeon Overview and Level Annotations

Branches:
Dungeon (1/1)

Altars:
Ashenzari
Cheibriados
Dithmenos
Elyvilon
Fedhas
Gozag
Hepliaklqana
Kikubaaqudgha
Makhleb
Nemelex Xobeh
Okawaru
Qazlal
Ru
Sif Muna
Trog
Uskayaw
Vehumet
Wu Jian
Xom
Yredelemnul
Zin
The Shining One
Jiyva
Lugonu

Annotations:
D 1 transporter


Innate Abilities, Weirdness & Mutations

You have a pair of horns on your head.
You reflexively headbutt those who attack you in melee.


Message History

The hellion gives a hideous shriek!
The crimson imp shouts!
Found a +1 leather armour of cold resistance and a book of the Moon.
Found a transporter.
A red film seems to cover your vision as you go berserk!
Cheibriados forces you to slow down.
You feel mighty!
The crimson imp laughs crazily.
The hellion hits you.
You slash the hellion!
The hellion is moderately wounded.
You slash the crimson imp!
The crimson imp hits you but does no damage.
The hellion barely misses you.
You closely miss the hellion.
The hellion is moderately wounded.
You slash the crimson imp!
You kill the crimson imp!
Cheibriados appreciates the change of pace.
The hellion barely misses you. The hellion gestures at you.
The sphere of damnation explodes!
The damnation engulfs you!
The damnation engulfs the hellion.
The hellion completely resists.
Your Axes skill increases to level 7!
You have reached level 3!
Your experience leads to an increase in your attributes!
Your base attributes are Str 20, Int 5, Dex 9.
Increase (S)trength, (I)ntelligence, or (D)exterity?
You feel clever. x2
You are too berserk!
You hit the hellion.
The hellion is moderately wounded.
The hellion gestures at you.
The sphere of damnation explodes!
The damnation engulfs you!!
* * * LOW HITPOINT WARNING * * *
The damnation engulfs the hellion.
The hellion completely resists.
You slash the hellion!
The hellion is almost dead.
The hellion gestures at you.
The sphere of damnation explodes!
The damnation engulfs you!
You die...

▓▓▓▓▓▓▓
▓.8©8.▓
▓.....▓
▓.:.[.▓
▓.....▓
▓..2..▓
▓..@..▓
▓▓▓▓▓▓▓


You could see a hellion.

Vanquished Creatures
  A crimson imp (D)
1 creature vanquished.

Notes
Turn   | Place    | Note
-------+----------+-------------------------------------------
     0 | D        | wilfster70 the Minotaur Fighter began the quest for the
                  | Orb.
     0 | D        | Reached XP level 1. HP: 19/19 MP: 0/0
     3 | D        | Found a blossoming altar of Fedhas.
     3 | D        | Found the +6 Majin-Bo {vamp, MP+6 Int+6}
     3 | D        | Found the +9 heavy crossbow "Sniper" {vorpal, Acc+∞ SInv}
     3 | D        | Found the +10 dark maul {vorpal}
     3 | D        | Found the +15 Maxwell's patent armour {-Cast -Tele rElec
                  | Will+ rCorr}
     3 | D        | Found the +18 shield of the Gong {rElec rN+ Will+ EV-5}
     3 | D        | Found the +14 obsidian axe {vorpal, Mesm Drain Fly SInv}
     3 | D        | Found the +7 great mace "Firestarter" {inner flame, rF++}
     3 | D        | Found the +6 shillelagh "Devastator" {shatter}
     3 | D        | Found the +11 plutonium sword {Contam Stlth-}
     3 | D        | Found the +8 lance "Wyrmbane" {slay drac, rPois rF+ rC+
                  | AC+3}
     3 | D        | Found the +9 sword of Zonguldrok {reap}
     3 | D        | Found the +13 scythe of Curses {drain, Drain}
     3 | D        | Found the +5 sword of Power {vorpal}
     3 | D        | Found the +7 mace of Variability {chain chaos}
     3 | D        | Found the +7 Singing Sword {vorpal, sonic wave}
     3 | D        | Found the +8 storm bow {elec, penet}
    20 | D        | Found a viscous altar of Jiyva.
    20 | D        | Found a transporter.
    20 | D        | Found a hazy altar of Hepliaklqana.
    20 | D        | Found an ancient bone altar of Kikubaaqudgha.
    20 | D        | Found an opulent altar of Gozag.
    20 | D        | Found a corrupted altar of Lugonu.
    27 | D        | Found a burning altar of Makhleb.
    28 | D        | Found a sacrificial altar of Ru.
    28 | D        | Found a stormy altar of Qazlal.
    28 | D        | Found a shimmering blue altar of Sif Muna.
    28 | D        | Found an iron altar of Okawaru.
    28 | D        | Found a bloodstained altar of Trog.
    28 | D        | Found a sparkling altar of Nemelex Xobeh.
    47 | D        | Became a worshipper of Cheibriados the Contemplative
    81 | D        | Reached skill level 5 in Fighting
    81 | D        | Reached skill level 6 in Axes
    81 | D        | Reached skill level 5 in Armour
    81 | D        | Reached XP level 2. HP: 29/29 MP: 0/3
    90 | D        | Entered arena 2.
    90 | D        | Noticed a hellion
    90 | D        | Noticed a crimson imp
    90 | D        | Found a transporter.
    93 | D        | Killed a crimson imp
    94 | D        | Reached skill level 7 in Axes
    94 | D        | Reached XP level 3. HP: 30/37 MP: 1/4
    95 | D        | Killed from afar by a hellion

Illustrated notes

Levels and vault maps discovered:
D:        sprint_v [room_start, room_1, room_2, room_3, room_4, room_5, room_6,
          room_7, room_8, room_9, room_10, room_11, room_12, room_13, room_14,
          room_15, room_16, room_17, room_18, room_19, room_20, room_21,
          room_22, room_23, room_24, room_25, room_26, room_27]

Skill      XL: |  1  2 |
---------------+-------+-----
Fighting       | 5 |  5.9
Axes           | 6 7 |  7.0
Armour         | 5 |  5.9
Invocations    | 3 |  3.6
Shields        | |  3.6

Action                   || total
-------------------------++-------
Melee: Broad axe         ||     4
  Use: Potion            ||     2
Armor: Gold dragon scale ||     1
Dodge: Dodged            ||     2

Table legend: (Time is in decaauts)
 A = Elapsed time spent in this place.
 B = Non-inter-level travel time spent in this place.
 C = Inter-level travel time spent in this place.
 D = Time resting spent in this place.
 E = Time spent auto-exploring this place.
 F = Levels seen in this place.
 G = Mean time per level.
                   A        B        C        D        E       F      G
               +--------+--------+--------+--------+--------+-----+--------+
         Total |    102 |    102 |      0 |      0 |      0 |   1 |  102.0 |
       Dungeon |    102 |    102 |      0 |      0 |      0 |   1 |  102.0 |
               +--------+--------+--------+--------+--------+-----+--------+

Top non-repeatable levels by time:
       D: 102 daAuts
